 Dungeon Crawl Stone Soup version 0.23.2-1-ga50397a (webtiles) character file.

Game seed: 11665962903130856434

169 troglodite the Digger (level 5, -1/43 HPs)
             Began as a Gargoyle Earth Elementalist on May 16, 2019.
             Slain by an orc warrior
             ... wielding a +0 long sword
              (3 damage)
             ... on level 3 of the Dungeon.
             The game lasted 00:16:10 (2568 turns).

troglodite the Digger (Gargoyle Earth Elementalist) Turns: 2568, Time: 00:16:11

Health: -1/43      AC: 22    Str: 11    XL:     5   Next: 50%
Magic:  0/9        EV:  2    Int: 16    God:
Gold:   193        SH:  0    Dex: 16    Spells: 6/10 levels left

rFire    . . .     SeeInvis .   h - +2 dagger (flame)
rCold    . . .     Gourm    .   (no shield)
rNeg     + + +     Faith    .   (armour currently unavailable)
rPois    ∞         Spirit   .   (helmet currently unavailable)
rElec    .         Reflect  .   (cloak currently unavailable)
rCorr    .         Harm     .   (gloves currently unavailable)
MR       .....     NoTele   +   (boots currently unavailable)
Stlth    ++++......             (no amulet)
HPRegen  0.14/turn              g - ring of stealth
MPRegen  0.11/turn              p - ring of positive energy

@: agile, tree-form (expiring), very slightly contaminated, invisible
A: negative energy resistance 1, petrification resistance, rot immunity, AC +4
a: no special abilities


You were on level 3 of the Dungeon.
You were very hungry.
You were a tree.
You visited 1 branch of the dungeon, and saw 3 of its levels.

You collected 193 gold pieces.

Inventory:

Hand Weapons
 h - a +2 dagger of flaming (weapon)
Missiles
 b - 24 stones (quivered)
Armour
 f - a +2 robe of fire resistance (melded)
 l - a scarf of cloud immunity (melded)
 o - a +0 pair of gloves (melded)
Jewellery
 g - a ring of stealth (left branch)
 j - an uncursed ring of flight
 p - a ring of positive energy (right branch)
Scrolls
 a - 2 scrolls of identify
 c - a scroll of remove curse {unknown}
 e - 5 scrolls of teleportation {unknown}
 q - a scroll of fog {unknown}
 t - a scroll of blinking {unknown}
Potions
 m - a potion of lignification
Comestibles
 d - 7 rations
 r - a chunk of flesh


   Skills:
 * Level 1.2 Fighting
 * Level 0.8 Short Blades
 * Level 2.0 Dodging
 * Level 2.8 Stealth
 * Level 3.2 Spellcasting
 * Level 0.8 Conjurations
   Level 0.7 Transmutations
 * Level 5.1 Earth Magic


You had 6 spell levels left.
You knew the following spells:

 Your Spells              Type           Power        Failure   Level  Hunger
a - Sandblast             Erth           ###...       2%          1    None
b - Stone Arrow           Conj/Erth      ##....       16%         3    ###....

Your spell library contained the following spells:

 Spells                   Type           Power        Failure   Level  Hunger
 Passwall                 Tmut/Erth      ##......     9%          2    ##.....
 Petrify                  Tmut/Erth      ##......     50%         4    ####...
 Lee's Rapid Deconstruct  Erth           ###.......   54%         5    ######.


Dungeon Overview and Level Annotations

Branches:
Dungeon (3/15)

Altars:


Innate Abilities, Weirdness & Mutations

You are resistant to torment.
((Your stone body is resilient. (AC +4)))
You are immune to poison.
You resist negative energy. (rN+)
((You are resistant to electric shocks. (rElec)))
((You can survive without breathing.))
You are immune to petrification.
You are immune to rotting.


Message History

You are feeling very hungry.
Casting: Sandblast (safe; 2% risk of failure)
Confirm with . or Enter, or press ? or * to list all spells.
Aiming: Sandblast (safe; 2% risk of failure)
Press: ? - help, Shift-Dir - straight line, f/p - orc warrior
Aim: an orc warrior, wielding a +0 long sword and wearing a +0 plate armour (heavily wounded, hasn't noticed you)
The blast of sand hits the orc warrior but does no damage.
The orc warrior is heavily wounded.
b - 25 stones The orc warrior hits you but does no damage.
Casting: Sandblast (safe; 2% risk of failure)
Confirm with . or Enter, or press ? or * to list all spells.
Aiming: Sandblast (safe; 2% risk of failure)
Press: ? - help, Shift-Dir - straight line, f/p - orc warrior
Aim: an orc warrior, wielding a +0 long sword and wearing a +0 plate armour (heavily wounded)
The blast of sand hits the orc warrior but does no damage.
The orc warrior is heavily wounded.
b - 24 stones The orc warrior hits you with a +0 long sword.
You die...

.......#.........##....#
..####....^.###..##...##
#...##.......#..###....###
...............## ##.....#####
###.##........######.........####
###.............................#
................................#
.....#.<........###.............#
####............♣o......>..######
######.....).###.##.......##
...####.....####.............#
.#<....<.......#......######.#
....###.....##.#......# #
.....###.....#.#......#
###....#.............##
....#..#.#..........##
....#...>...÷.......##


You could see an orc warrior.

Vanquished Creatures
  An orc wizard (D:2)
  Jessica (D:2)
  5 adders
  2 oozes (D:1)
  3 worms
  3 dart slugs
  An orc (D:3)
  2 ball pythons
  4 bats
  A giant cockroach (D:1)
  5 goblins
  3 hobgoblins
  3 jackals (D:3)
  7 kobolds
  A quokka (D:2)
  A frilled lizard (D:2)
  6 rats
49 creatures vanquished.

Notes
Turn   | Place    | Note
-------+----------+-------------------------------------------
     0 | D:1      | troglodite the Gargoyle Earth Elementalist began the quest
                  | for the Orb.
     0 | D:1      | Reached XP level 1. HP: 10/10 MP: 3/3
   111 | D:1      | Reached skill level 4 in Earth Magic
   111 | D:1      | Reached XP level 2. HP: 15/15 MP: 0/5
   707 | D:1      | Reached XP level 3. HP: 19/20 MP: 1/6
   966 | D:2      | Learned a level 3 spell: Stone Arrow
   984 | D:2      | Noticed Jessica
  1005 | D:2      | Killed Jessica
  1016 | D:2      | Reached XP level 4. HP: 22/24 MP: 0/7
  1385 | D:2      | Reached skill level 1 in Fighting
  2222 | D:3      | Reached XP level 5. HP: 28/29 MP: 6/9
  2229 | D:3      | Noticed an orc warrior
  2301 | D:2      | Reached skill level 5 in Earth Magic
  2565 | D:3      | HP: 2/43 [orc warrior/+0 long sword (3)]
  2568 | D:3      | Slain by an orc warrior

Skill      XL: |  1  2  3  4  5 |
---------------+----------------+-----
Earth Magic    | 4 5 |  5.1
Fighting       | 1 |  1.2
Dodging        | 2 |  2.0
Spellcasting   | 3 |  3.2
Short Blades   | |  0.8
Stealth        | |  2.8
Conjurations   | |  0.8
Transmutations | |  0.7

Action                   |  1- 3 |  4- 6 || total
-------------------------+-------+-------++-------
Melee: Dagger            |    14 |    39 ||    53
 Cast: Sandblast         |    30 |    47 ||    77
       Stone Arrow       |       |     3 ||     3
  Use: Potion            |       |     6 ||     6
       Scroll            |       |     1 ||     1
  Eat: Chunk             |     1 |     4 ||     5
Armor: Robe              |     3 |    15 ||    18
       Skin              |       |    10 ||    10
Dodge: Dodged            |    14 |    30 ||    44
